 Dungeon Crawl Stone Soup version 0.19-a0-1682-g5114f93 (webtiles) character file.

683 st0uf the Skirmisher (level 7, -3/55 HPs)
             Began as a Demonspawn Gladiator on Sept 25, 2016.
             Was a Believer of Qazlal.
             Slain by a troll (8 damage)
             ... on level 4 of the Dungeon.
             The game lasted 00:11:46 (4353 turns).

st0uf the Skirmisher (Demonspawn Gladiator)         Turns: 4353, Time: 00:11:47

Health: -3/55      AC:  8    Str: 17    XL:     7   Next: 35%
Magic:  9/9        EV: 13    Int:  9    God:    Qazlal [**....]
Gold:   116        SH:  2    Dex: 14    Spells: 0 memorised, 6 levels left

rFire  . . .     SeeInvis .     a - +0 war axe
rCold  . . .     Gourm    .     b - +0 leather armour
rNeg   . . .     Faith    .     (no shield)
rPois  .         Spirit   .     c - +0 helmet
rElec  .         Dismiss  .     (no cloak)
rCorr  .         Reflect  .     g - +0 pair of gloves (curse)
MR     .....     Harm     .     (no boots)
Stlth  ++........               (no amulet)
                                (no ring)
                                (no ring)

@: no status effects
A: hooves 2, yellow scales 1, nightstalker 1
a: Upheaval, Renounce Religion


You were on level 4 of the Dungeon.
You worshipped Qazlal.
Qazlal was pleased with you.
You were hungry.

You visited 1 branch of the dungeon, and saw 4 of its levels.

You collected 116 gold pieces.

Inventory:

Hand Weapons
 a - a +0 war axe (weapon)
 x - a +4 mace of venom
Missiles
 d - 3 throwing nets (quivered)
Armour
 b - a +0 leather armour (worn)
 c - a +0 helmet (worn)
 g - a cursed +0 pair of gloves (worn)
Wands
 q - a wand of teleportation (6/9)
Scrolls
 e - 5 scrolls of identify {unknown}
 h - 2 scrolls of magic mapping {unknown}
 j - 2 scrolls of amnesia {unknown}
 k - 3 scrolls of enchant weapon {unknown}
 m - a scroll of recharging {unknown}
 r - a scroll of fear {unknown}
 s - 3 scrolls of noise {unknown}
 v - a scroll of immolation {unknown}
 y - 2 scrolls of teleportation {unknown}
Potions
 i - a potion of cancellation
 l - 2 potions of heal wounds {unknown}
 n - a potion of agility {unknown}
 o - a potion of flight {unknown}
 p - 2 potions of invisibility {unknown}
 t - a potion of curing {unknown}
Comestibles
 f - 3 bread rations
 u - 2 fruits
 w - a meat ration
 z - a slice of pizza
 A - 3 chunks of flesh


   Skills:
 * Level 4.9 Fighting
 * Level 4.5 Axes
 - Level 1.7 Throwing
 + Level 2.4 Armour
 + Level 3.9 Dodging
 + Level 3.3 Invocations


You had 6 spell levels left.
You didn't know any spells.

Dungeon Overview and Level Annotations

Branches:
Dungeon (4/15)
 Temple: D:4-7

Altars:
Fedhas
Qazlal


Innate Abilities, Weirdness & Mutations

You have hoof-like feet.
You are partially covered in yellow scales. (AC +2)
You are slightly more attuned to the shadows.


Message History

The big kobold hits you but does no damage.
You see here a stone.
A hobgoblin comes into view. It is wielding a club.
The kobold shouts!
The goblin wields an uncursed hunting sling.
The goblin shoots a stone.
The stone hits you.
* * * LOW HITPOINT WARNING * * *
The big kobold hits you but does no damage.
The big kobold is engulfed in freezing vapours.
The big kobold misses you.
A gnoll comes into view.
It was a potion of cancellation.
You feel magically purged. The goblin hits you with a club.
* * * LOW HITPOINT WARNING * * *
The big kobold misses you.
The big kobold is engulfed in freezing vapours.
You kill the big kobold!
Qazlal accepts your kill. The troll barely misses you. The troll misses you.
The troll claws you!
You die...

######### # .......#.
#. .......' #.
......#########.
#.)..(.....#..
#..(().†().(..
g.########.)..).....#..
..gKgg@Tg....#########)
.....K§§.).(.'... #.
..........(..#... #)
#######################
≈≈≈≈≈≈≈≈≈.
≈≈≈≈≈≈≈≈≈≈≈..
≈≈≈≈≈≈≈≈≈≈≈≈..
..≈≈≈≈≈≈.≈≈≈≈.
..............


You could see a troll, a big kobold, 2 gnolls, a hobgoblin, 2 goblins and a
kobold.

Vanquished Creatures
  An ogre (D:4)
  A big kobold (D:4)
  A scorpion (D:4)
  An orc priest (D:3)
  An iguana (D:3)
  4 orc wizards
  4 worker ants
  9 adders
  A gnoll (D:4)
  4 oozes
  4 worms
  A leopard gecko (D:2)
  13 orcs
  7 bats
  A giant cockroach (D:1)
  17 goblins
  13 hobgoblins
  8 jackals (D:4)
  A quokka (D:2)
  2 frilled lizards (D:2)
  6 kobolds
  6 rats (D:2)
106 creatures vanquished.

Vanquished Creatures (others)
  4 toadstools (D:1)
4 creatures vanquished.

Grand Total: 110 creatures vanquished

Notes
Turn   | Place    | Note
-------+----------+-------------------------------------------
     0 | D:1      | st0uf the Demonspawn Gladiator began the quest for the Orb.
     0 | D:1      | Reached XP level 1. HP: 16/16 MP: 1/1
   197 | D:1      | Gained mutation: You are partially covered in yellow scales. (AC +2) [demonic ancestry]
   197 | D:1      | Reached XP level 2. HP: 15/23 MP: 2/2
   689 | D:2      | Reached XP level 3. HP: 28/28 MP: 3/3
  1071 | D:2      | Found a blossoming altar of Fedhas.
  1084 | D:2      | Reached skill level 1 in Armour
  1429 | D:2      | Gained mutation: You have large cloven feet. [demonic ancestry]
  1429 | D:2      | Reached XP level 4. HP: 30/35 MP: 4/4
  1617 | D:3      | Found a stormy altar of Qazlal.
  1627 | D:3      | Became a worshipper of Qazlal Stormbringer
  2096 | D:3      | Reached skill level 1 in Invocations
  2096 | D:3      | Gained mutation: You have hoof-like feet. [demonic ancestry]
  2096 | D:3      | Reached XP level 5. HP: 24/41 MP: 5/5
  2435 | D:3      | HP: 2/41 [poisoned by an orc]
  3532 | D:3      | Reached XP level 6. HP: 13/48 MP: 7/7
  3822 | D:4      | Reached * piety under Qazlal
  4106 | D:4      | Gained mutation: You are slightly more attuned to the shadows. [demonic ancestry]
  4106 | D:4      | Reached XP level 7. HP: 28/55 MP: 9/9
  4338 | D:4      | Noticed a troll
  4348 | D:4      | Reached ** piety under Qazlal
  4353 | D:4      | Slain by a troll

Vault maps used:
D:1:      ldierk_walled_garden_2, minivault_27
D:2:      fedhas_altar_2
D:3:      grunt_qazlal_sundering
D:4:      minmay_goblin_kobold_castle, first_bread

Skill      XL: |  1  2  3  4  5  6 |
---------------+-------------------+-----
Axes           | 3 4 |  4.5
Armour         | 1 2 |  2.4
Dodging        | 3 |  3.9
Fighting       | 3 4 |  4.9
Invocations    | 1 3 |  3.3
Throwing       | |  1.7

Action                   |  1- 3 |  4- 6 |  7- 9 || total
-------------------------+-------+-------+-------++-------
Melee: War axe           |   130 |   194 |    53 ||   377
       Kick              |       |    35 |    14 ||    49
  Use: Potion            |       |       |     1 ||     1
  Eat: Chunk             |     1 |    10 |       ||    11
Armor: Leather armour    |    43 |    69 |    25 ||   137
Dodge: Dodged            |    90 |   189 |    53 ||   332
Block: Other             |       |     1 |     5 ||     6
